 Dungeon Crawl Stone Soup version 0.26-a0-6-g448add79b7 (webtiles) character file.

Game seed: 8461711331672114631, levelgen mode: deterministic

8488 Echocat the Fighter (level 11, -8/151 HPs)
             Began as a Minotaur Berserker on May 24, 2020.
             Was a High Priest of Trog.
             Mangled by a minotaur (15 damage)
             ... in a Gauntlet.
             The game lasted 00:49:33 (13373 turns).

Echocat the Fighter (Minotaur Berserker)           Turns: 13373, Time: 00:49:33

Health: -8/151     AC: 20    Str: 26    XL:     11   Next: 10%
Magic:  7/7        EV: 11    Int:  4    God:    Trog [*****.]
Gold:   554        SH:  0    Dex:  9    Spells: 10/10 levels left

rFire    + . .     SeeInvis +   P - +4 glaive
rCold    + . .     Gourm    .   (shield currently unavailable)
rNeg     . . .     Faith    .   F - +0 plate armour
rPois    +         Spirit   .   N - +2 hat {SInv}
rElec    .         Reflect  .   h - scarf {rC+ rF+}
rCorr    .         Harm     .   o - +2 pair of gloves
MR       ++...     Rnd*Rage +   (no boots) Stlth ..........NoTele +
                                (no amulet)
HPRegen  1.35/turn              u - ring of poison resistance
MPRegen  0.10/turn              (no ring)

@: berserking, regenerating, very quick
A: retaliatory headbutt, horns 2, [berserk 2], [blurry vision 2], [low mp 2]
a: Berserk, Trog's Hand, Brothers in Arms, Renounce Religion


You were in a Gauntlet.
You worshipped Trog.
Trog was extremely pleased with you.
You were near starving.

You visited 1 branch of the dungeon, and saw 11 of its levels.
You also visited: Gauntlet.

You collected 644 gold pieces.
You spent 90 gold pieces at shops.

Inventory:

Hand Weapons
 g - a +2 dagger of venom
 k - a +1 mace of holy wrath
 x - a +1 shortbow of flaming
 D - the +10 dark maul {vorpal}
   (You found it on level 6 of the Dungeon)

   It inflicts extra damage upon your enemies.
 M - a +1 shortbow of flaming
 P - a +4 glaive (weapon)
 S - a +4 shortbow
 T - a +1 dagger of venom
 U - a +0 falchion of holy wrath
 Z - a +1 hand axe of flaming
Missiles
 q - 11 poisoned darts (quivered)
 v - 4 curare-tipped darts
 y - 98 arrows
 W - a javelin
Armour
 b - a scarf of invisibility
 d - a +0 cloak
 h - a scarf of resistance (worn)
 o - a +2 pair of gloves (worn)
 F - a +0 plate armour (worn)
 H - +0 steam dragon scales
 N - a +2 hat of see invisible (worn)
 O - a +0 kite shield
Magical Staves
 Q - an uncursed staff of poison {unknown}
Jewellery
 u - a ring of poison resistance (left hand)
 B - an uncursed ring of wizardry
 L - an uncursed ring of wizardry
Wands
 a - a wand of random effects (16)
 z - a wand of flame (20)
 I - a wand of iceblast (10)
 K - a wand of enslavement (7)
 R - a wand of disintegration (11)
 V - a wand of paralysis (10)
Scrolls
 e - 6 scrolls of remove curse
 r - 3 scrolls of amnesia
 E - 4 scrolls of noise
 G - 4 scrolls of teleportation
 J - 3 scrolls of enchant armour
 X - 2 scrolls of fear {unknown}
Potions
 f - 8 potions of brilliance
 i - 2 potions of berserk rage
 j - 5 potions of curing
 l - 2 potions of invisibility
 m - 3 potions of stabbing
 n - a potion of flight
 p - a potion of cancellation {unknown}
 s - a potion of resistance
 t - a potion of lignification {unknown}
 w - 2 potions of heal wounds
 A - a potion of degeneration {unknown}
 C - 4 potions of might
 Y - a potion of magic {unknown}
Comestibles
 c - 25 rations


   Skills:
 * Level 10.5 Fighting
 + Level 4.5 Long Blades
 + Level 5.2 Maces & Flails
 + Level 1.1 Bows
 + Level 5.5 Throwing
 * Level 10.1 Armour
 * Level 9.2 Dodging
 + Level 5.1 Stealth
 + Level 1.2 Shields


You had 10 spell levels left.
You didn't know any spells.
Your spell library contained the following spells:

 Spells                   Type           Power        Failure   Level  Hunger
 Freeze                   Ice            #...         99%         1    ##.....
 Frozen Ramparts          Ice            #.....       100%        3    ####...
 Ozocubu's Armour         Chrm/Ice       #.......     100%        3    ####...
 Recall                   Summ/Tloc      N/A          100%        3    ####...
 Animate Dead             Necr           N/A          100%        4    #####..
 Hailstorm                Conj/Ice       #.......     100%        4    #####..
 Summon Ice Beast         Ice/Summ       #.......     100%        4    #####..
 Borgnjor's Vile Clutch   Necr/Erth      #.........   100%        5    ######.
 Death Channel            Necr           #.........   100%        6    #######
 Simulacrum               Ice/Necr       #.........   100%        6    #######


Dungeon Overview and Level Annotations

Branches:
Dungeon (11/15)            Temple (0/1) D:6            Lair (0/6) D:11
    Orc (0/2) D:10        Gauntlet (1/1)

Altars:
Ashenzari
Cheibriados
Hepliaklqana
Nemelex Xobeh
Qazlal
Ru
Sif Muna
Uskayaw
Xom
Zin
The Shining One

Shops:
D:4 :   D:8 (   D:9 %

Annotations:
Gauntlet 10 transporters, 21 runed translucent doors


Innate Abilities, Weirdness & Mutations

You reflexively headbutt those who attack you in melee.
You have a pair of horns on your head.
[You often lose your temper in combat.]
[Scrolls take you longer to read.]
[Your magical capacity is very low. (-20% MP)]


Message History

You feel resistant to hostile enchantments.
You are feeling hungry.
A red film seems to cover your vision as you go berserk!
You feel yourself moving faster!
You feel mighty!
You are feeling very hungry.
You are near starving!
The minotaur hits you.
* * * LOW HITPOINT WARNING * * *
The minotaur gores you but does no damage.
You are too injured to fight recklessly!
You are too injured to fight recklessly!
You are too injured to fight recklessly!
You slice the minotaur!!
The minotaur is severely wounded.
The minotaur hits you!
* * * LOW HITPOINT WARNING * * *
The minotaur gores you but does no damage.
You slash the minotaur!
The minotaur is almost dead.
The minotaur hits you!
You die...

####### #≈≈≈≈≈#
#≈≈∩≈≈# #≈.H.≈#
###@### #.....#
#######'#######
#......(......#
#.###.###.###.#
#.###.###.###.#
#.............#
###.###.###.###
#####.###.###.#####


You could see a minotaur (very poisoned).

Vanquished Creatures
  Erolcha (D:10)
  A queen ant (Gauntlet)
  A manticore (D:9)
  Maurice (D:8)
  Maggie (D:10)
  A gargoyle (D:10)
  A komodo dragon (D:7)
  A wyvern (D:9)
  A basilisk (D:8)
  3 soldier ants (Gauntlet)
  A water moccasin (D:6)
  2 sky beasts
  3 orc warriors
  A phantom (D:10)
  2 ice beasts (D:8)
  9 ogres
  6 centaurs
  2 big kobolds
  2 bullfrogs
  A water moccasin zombie (D:9)
  2 scorpions
  15 killer bees
  3 howler monkeys
  6 crimson imps
  2 quasits
  2 bullfrog zombies
  3 hounds
  3 jellies
  A bullfrog skeleton (D:5)
  7 orc priests
  2 centaur skeletons
  11 orc wizards
  4 iguanas
  13 worker ants
  2 hound skeletons
  A worker ant zombie (D:7)
  11 adders
  A howler monkey skeleton (D:4)
  2 shadow imps
  An adder zombie (D:5)
  An adder skeleton (D:8)
  2 worms
  A dart slug (D:1)
  9 leopard geckos
  30 orcs
  6 bats
  3 giant cockroaches
  6 goblins
  8 hobgoblins
  14 jackals
  4 quokkas
  7 frilled lizards
  A giant cockroach zombie (D:6)
  A jackal zombie (D:5)
  12 kobolds
  A leopard gecko zombie (D:5)
  4 rats
243 creatures vanquished.

Vanquished Creatures (others)
  A scorpion (D:8)
  A killer bee (D:8)
  An iguana (D:8)
  An orc wizard (D:8)
  An adder (D:8)
  3 orcs (D:8)
  A quokka (D:8)
  8 demonic plants (Gauntlet)
  7 fungi (Gauntlet)
  15 plants (Gauntlet)
39 creatures vanquished.

Grand Total: 282 creatures vanquished

Notes
Turn   | Place    | Note
-------+----------+-------------------------------------------
     0 | D:1      | Echocat the Minotaur Berserker began the quest for the Orb.
     0 | D:1      | Reached XP level 1. HP: 19/19 MP: 0/0
   209 | D:1      | Reached XP level 2. HP: 24/27 MP: 1/1
   647 | D:1      | Reached XP level 3. HP: 33/33 MP: 2/2
   918 | D:2      | You fall into a shaft and drop 1 floor!
  1117 | D:2      | Reached ** piety under Trog
  1125 | D:2      | Found a hazy altar of Hepliaklqana.
  1214 | D:2      | Found a shimmering blue altar of Sif Muna.
  1898 | D:3      | Reached skill level 1 in Throwing
  1998 | D:3      | Reached XP level 4. HP: 40/40 MP: 3/3
  2095 | D:3      | Found Zin's Purification Station.
  2095 | D:3      | Found a glowing silver altar of Zin.
  2100 | D:3      | Bought a potion of curing for 90 gold pieces
  2385 | D:4      | Reached skill level 1 in Stealth
  2504 | D:4      | Reached XP level 5. HP: 47/47 MP: 4/4
  2710 | D:4      | Noticed an ogre
  2720 | D:4      | Killed an ogre
  2720 | D:4      | Reached skill level 5 in Fighting
  2720 | D:4      | Reached XP level 6. HP: 43/56 MP: 5/5
  3188 | D:4      | Reached *** piety under Trog
  3278 | D:4      | Reached XP level 7. HP: 62/62 MP: 6/6
  3288 | D:4      | Reached skill level 5 in Armour
  3297 | D:4      | Found Cir Woqu's Book Emporium.
  3454 | D:5      | Entered Level 5 of the Dungeon
  3552 | D:5      | Found a glowing golden altar of the Shining One.
  3718 | D:5      | Found a sparkling altar of Nemelex Xobeh.
  3838 | D:5      | Reached skill level 5 in Dodging
  3901 | D:5      | Found a shattered altar of Ashenzari.
  4452 | D:6      | Reached XP level 8. HP: 58/71 MP: 7/7
  4573 | D:6      | Found a staircase to the Ecumenical Temple.
  5026 | D:6      | Found a sacrificial altar of Ru.
  5072 | D:6      | Found the +10 dark maul {vorpal}
  5212 | D:6      | Found a stormy altar of Qazlal.
  5719 | D:7      | Noticed a komodo dragon
  5723 | D:7      | Killed a komodo dragon
  5723 | D:7      | Reached **** piety under Trog
  5723 | D:7      | Reached skill level 1 in Maces & Flails
  6187 | D:7      | Found a hide-covered altar of Uskayaw.
  6863 | D:8      | Found Wiadghocs's Weapon Emporium.
  6884 | D:8      | Reached XP level 9. HP: 54/81 MP: 8/8
  8271 | D:8      | Found a shimmering altar of Xom.
  8719 | D:8      | Found a snail-covered altar of Cheibriados.
  8751 | D:8      | Noticed Maurice
  8774 | D:8      | Killed Maurice
  9117 | D:8      | Reached XP level 10. HP: 91/91 MP: 9/9
  9575 | D:9      | Noticed a manticore
  9594 | D:9      | Killed a manticore
 10139 | D:9      | Found Lest's Food Boutique.
 10226 | D:9      | Reached skill level 5 in Throwing
 10429 | D:10     | Entered Level 10 of the Dungeon
 10495 | D:10     | Noticed Erolcha
 10512 | D:10     | Killed Erolcha
 10512 | D:10     | Reached ***** piety under Trog
 10778 | D:10     | Reached skill level 10 in Fighting
 11397 | D:10     | Found a staircase to the Orcish Mines.
 11509 | D:10     | Noticed a gargoyle
 11526 | D:10     | Killed a gargoyle
 11526 | D:10     | Reached skill level 5 in Maces & Flails
 11771 | D:10     | Reached skill level 5 in Stealth
 11984 | D:10     | Noticed Maggie
 12002 | D:10     | Killed Maggie
 12002 | D:10     | Reached skill level 10 in Armour
 12264 | D:11     | Found a gate leading to a gauntlet.
 12273 | Gauntlet | Entered a Gauntlet
 12273 | Gauntlet | Found a transporter.
 12273 | Gauntlet | Found a transporter.
 12282 | Gauntlet | Found a transporter.
 12289 | Gauntlet | Noticed a queen ant
 12295 | Gauntlet | Found a transporter.
 12297 | Gauntlet | Found a large runed translucent door.
 12297 | Gauntlet | Found a large runed translucent door.
 12298 | Gauntlet | Found a large runed translucent door.
 12298 | Gauntlet | Found a large runed translucent door.
 12299 | Gauntlet | Found a large runed translucent door.
 12299 | Gauntlet | Found a large runed translucent door.
 12299 | Gauntlet | Found a runed translucent door.
 12299 | Gauntlet | Found a runed translucent door.
 12299 | Gauntlet | Found a large runed translucent door.
 12299 | Gauntlet | Found a large runed translucent door.
 12300 | Gauntlet | Found a large runed translucent door.
 12300 | Gauntlet | Found a large runed translucent door.
 12305 | Gauntlet | Found a large runed translucent door.
 12305 | Gauntlet | Found a large runed translucent door.
 12306 | Gauntlet | Found a large runed translucent door.
 12306 | Gauntlet | Found a large runed translucent door.
 12306 | Gauntlet | Found a large runed translucent door.
 12308 | Gauntlet | Found a runed translucent gate.
 12308 | Gauntlet | Found a runed translucent gate.
 12308 | Gauntlet | Found a runed translucent gate.
 12309 | Gauntlet | Noticed a tengu warrior
 12310 | Gauntlet | Found a transporter.
 12321 | Gauntlet | Found a large runed translucent door.
 12323 | Gauntlet | Found a transporter.
 12325 | Gauntlet | Noticed a gargoyle
 12338 | Gauntlet | Noticed a wretched star
 12405 | Gauntlet | Found a transporter.
 12420 | Gauntlet | Found a transporter.
 12433 | Gauntlet | Noticed a moth of wrath
 12434 | Gauntlet | Found a transporter.
 12447 | Gauntlet | Found a transporter.
 12450 | Gauntlet | Noticed a sixfirhy
 12462 | Gauntlet | Noticed a green death
 12463 | Gauntlet | Found a transporter.
 12530 | Gauntlet | Found a transporter.
 12542 | Gauntlet | Found a transporter.
 12548 | Gauntlet | Found a transporter.
 12551 | Gauntlet | Found a transporter.
 12567 | Gauntlet | Noticed a catoblepas
 12570 | Gauntlet | Found a transporter.
 12631 | Gauntlet | Killed a queen ant
 12631 | Gauntlet | Reached skill level 1 in Bows
 12631 | Gauntlet | Reached skill level 1 in Shields
 12631 | Gauntlet | Reached XP level 11. HP: 101/101 MP: 10/10
 12635 | Gauntlet | Received a gift from Trog
 13359 | Gauntlet | Noticed a minotaur
 13372 | Gauntlet | HP: 6/151 [minotaur (17)]
 13373 | Gauntlet | Mangled by a minotaur

Illustrated notes

Levels and vault maps discovered:
D:1:      minmay_arrival_three_doors, layout_basic
D:2:      layout_loops_ring, overflow_temple_1_default,
          nicolae_overflow_crystal_walls, hangedman_decor_slide_cut
D:3:      layout_rooms, zin_purify
D:4:      layout_gridville, serial_shops, nicolae_shop_trees
D:5:      layout_basic, ashenzari_altar_1, overflow_temple_1_default,
          first_ration, nemelex_lonely_heart_becter
D:6:      layout_layer_cave, overflow_temple_1_default,
          nicolae_qazlal_general_emergency, minmay_temple_entry_fiery
D:7:      layout_cave_pods, eat_drink_and_be_merry_uskayaw, grunt_ogre_cave
D:8:      hangedman_cross_stitches, layout_basic, xom_confusion_cloud,
          serial_shops, shop, basic_altar, uniq_maurice
D:9:      layout_loops_ring, serial_shops, shop, mrwooster_statue_mirror
D:10:     layout_loops_corners, orc_0_dummy, uniq_maggie, uniq_erolcha
D:11:     layout_irregular_city, lair_entry_dummy, gauntlet_entry_generic
Gauntlet: gammafunk_gauntlet_branching [nicolae_gauntlet_swirl,
          gammafunk_gauntlet_arena_grid,
          minmay_gauntlet_arena_make_your_own_arena,
          gammafunk_gauntlet_arena_split_x, nicolae_gauntlet_arena_blocks,
          gammafunk_gauntlet_arena_hedges,
          gammafunk_gauntlet_arena_arrow_garden,
          nicolae_gauntlet_arena_flowing_pool, gauntlet_exit_watery]

Skill      XL: |  1  2  3  4  5  6  7  8  9 10 |
---------------+-------------------------------+-----
Fighting       | 4 5 6 7 9 10 | 10.5
Armour         | 3 4 6 7 8 10 | 10.1
Throwing       | 1 2 3 4 5 |  5.5
Dodging        | 3 4 5 6 7 9 |  9.2
Stealth        | 1 2 3 4 5 |  5.1
Maces & Flails | 2 3 5 |  5.2
Long Blades    | 4 |  4.5
Bows           | 1 |  1.1
Shields        | 1 |  1.2

Action                   |  1- 3 |  4- 6 |  7- 9 | 10-12 || total
-------------------------+-------+-------+-------+-------++-------
Melee: Falchion          |    19 |       |       |       ||    19
       Headbutt          |    11 |    23 |    82 |    68 ||   184
       Dagger            |    84 |    97 |   417 |   310 ||   908
       Maul              |       |       |     4 |       ||     4
       Glaive            |       |       |       |     7 ||     7
Throw: Dart              |       |     5 |    12 |    12 ||    29
Invok: Berserk           |       |       |       |     5 ||     5
       Trog's Hand       |       |       |       |     2 ||     2
  Use: Scroll            |     6 |       |    13 |     6 ||    25
       Potion            |       |       |     3 |       ||     3
  Eat: Chunk             |     3 |     5 |    11 |     8 ||    27
       Ration            |       |       |     2 |     3 ||     5
Armor: Animal skin       |    15 |       |       |       ||    15
       Leather armour    |    10 |     3 |       |       ||    13
       Ring mail         |       |    23 |       |       ||    23
       Scale mail        |       |     1 |    93 |       ||    94
       Plate armour      |       |       |   151 |   184 ||   335
Dodge: Dodged            |    69 |    19 |   153 |   127 ||   368
Block: Kite shield       |     9 |    29 |   127 |    95 ||   260
       Rpst.: Falchion   |     6 |       |       |       ||     6

Table legend:
 A = Non-vault XP
 B = Vault XP
 C = Vault XP percentage of total XP
 D = Non-vault monster count
 E = Vault monster count
 F = Vault count percentage of total count
                 A         B        C        D         E       F
            +---------+---------+-------+---------+---------+-------
      Total |    7604 |    4522 |  37.3 |     221 |      22 |   9.1
            +---------+---------+-------+---------+---------+-------
        D:1 |      45 |       0 |   0.0 |      24 |       0 |   0.0
        D:2 |      43 |       0 |   0.0 |      16 |       0 |   0.0
        D:3 |      15 |       0 |   0.0 |       9 |       0 |   0.0
        D:4 |     685 |       0 |   0.0 |      26 |       0 |   0.0
        D:5 |     582 |       0 |   0.0 |      17 |       0 |   0.0
        D:6 |     418 |       0 |   0.0 |      16 |       0 |   0.0
        D:7 |     841 |     116 |  12.1 |      14 |       1 |   6.7
        D:8 |    1121 |    1671 |  59.8 |      29 |      15 |  34.1
        D:9 |    1661 |       0 |   0.0 |      28 |       0 |   0.0
       D:10 |    2193 |    1422 |  39.3 |      42 |       2 |   4.5
   Gauntlet |       0 |    1313 | 100.0 |       0 |       4 | 100.0
            +---------+---------+-------+---------+---------+-------
